 Dungeon Crawl Stone Soup version 0.28.0-45-g0d030f2227 (webtiles) character file.

Game seed: 17073792974345342668

283 Ablot the Grasshopper (level 6, 0/50 HPs)
             Began as a Gnoll Warper on Apr 7, 2022.
             Constricted to death by a ball python (1 damage)
             ... in a sewer.
             The game lasted 00:05:32 (3907 turns).

Ablot the Grasshopper (Gnoll Warper)                Turns: 3907, Time: 00:05:33

Health: 0/50       AC:  3    Str: 12    XL:     6   Next: 28%
Magic:  14/14      EV: 10    Int: 12    God:
Gold:   43         SH:  0    Dex: 12    Spells: 13/15 levels left

rFire   . . .      SeeInvis .   j - +2 whip (elec)
rCold   . . .      Faith    .   (no shield)
rNeg    . . .      Spirit   .   b - +0 leather armour
rPois   .          Reflect  .   (no helmet)
rElec   .          Harm     .   (no cloak)
rCorr   .          Rampage  .   (no gloves)
Will    .....                   (no boots)
Stlth   ++........              (no amulet)
HPRegen 0.16/turn               (no ring)
MPRegen 0.14/turn               (no ring)

@: lethally poisoned (0 -> -2), attractive, constricted
A: fangs 1, strong nose, distributed training
a: no special abilities


You were in a sewer.
You visited 1 branch of the dungeon, and saw 3 of its levels.
You also visited: Sewer.

You collected 43 gold pieces.

Inventory:

Hand Weapons
 a - a +0 spear
 j - a +2 whip of electrocution (weapon)
 n - a +0 short sword of venom
Missiles
 d - 5 boomerangs of dispersal (quivered)
 e - 25 arrows
 m - 16 stones
Armour
 b - a +0 leather armour (worn)
Magical Staves
 h - a staff of conjuration
Wands
 p - a wand of digging (3)
Scrolls
 c - a scroll of blinking
 g - a scroll of immolation {unknown}
 i - 2 scrolls of identify {unknown}
 k - 2 scrolls of teleportation {unknown}
 v - a scroll of summoning {unknown}
 w - a scroll of enchant armour {unknown}
Potions
 f - a potion of heal wounds
 l - 2 potions of curing {unknown}
 o - a potion of resistance {unknown}
 q - a potion of cancellation {unknown}
 r - a potion of berserk rage {unknown}
 s - 2 potions of attraction
 t - a potion of brilliance {unknown}
 u - a potion of mutation {unknown}


   Skills:
 + Level 4.9 Fighting
 + Level 1.9 Short Blades
 + Level 1.9 Long Blades
 + Level 1.9 Axes
 + Level 1.9 Maces & Flails
 + Level 4.9 Polearms
 + Level 1.9 Staves
 + Level 1.9 Slings
 + Level 1.9 Bows
 + Level 1.9 Crossbows
 + Level 3.2 Throwing
 + Level 3.2 Armour
 + Level 4.9 Dodging
 + Level 1.9 Stealth
 + Level 1.9 Shields
 + Level 1.9 Unarmed Combat
 + Level 5.3 Spellcasting
 + Level 1.5 Conjurations
 + Level 1.5 Hexes
 + Level 1.5 Summonings
 + Level 1.5 Necromancy
 + Level 5.6 Translocations
 + Level 1.5 Transmutations
 + Level 1.5 Fire Magic
 + Level 1.5 Ice Magic
 + Level 1.5 Air Magic
 + Level 1.5 Earth Magic
 + Level 1.5 Poison Magic
 + Level 2.1 Invocations
 + Level 1.9 Evocations


You had 13 spell levels left.
You knew the following spells:

 Your Spells              Type           Power      Damage    Failure   Level
a - Blink                 Tloc           32%        N/A       3%          2

Your spell library contained the following spells:

 Spells                   Type           Power      Damage    Failure   Level
 Gell's Gravitas          Tloc           16%        N/A       7%          3
 Lesser Beckoning         Tloc           16%        N/A       7%          3
 Teleport Other           Tloc           16%        N/A       7%          3
 Manifold Assault         Tloc           16%        N/A       54%         5


Dungeon Overview and Level Annotations

Branches:
Dungeon (3/15)              Sewer (1/1)

Altars:


Innate Abilities, Weirdness & Mutations

You have very sharp teeth.
Your uncanny sense of smell can sniff out nearby items.
Your experience applies equally to all skills.


Message History

The bullfrog hits you but does no damage.
It was a potion of heal wounds.
You feel much better. The bullfrog hits you.
The ball python closely misses you. The adder bites you but does no damage.
The bullfrog closely misses you. The bullfrog hits you.
The ball python bites you. The ball python constricts you.
The ball python bites you.
Unknown command.
You completely miss the adder. The adder bites you.
The bullfrog barely misses you. x2; The ball python barely misses you.
The ball python constricts you. The ball python closely misses you.
The adder bites you.
You are poisoned.
The adder poisons you!
The bullfrog hits you but does no damage.
You closely miss the adder.
You feel sick. The bullfrog barely misses you.
The ball python closely misses you. The ball python constricts you.
The ball python barely misses you. The adder bites you but does no damage.
The bullfrog closely misses you. The bullfrog hits you.
Unknown command.
You barely miss the adder.
You feel sick.
The bullfrog hits you but does no damage.
The ball python closely misses you. The ball python constricts you.
* * * LOW HITPOINT WARNING * * *
The bullfrog closely misses you. The adder bites you but does no damage.
The ball python bites you but does no damage.
The bullfrog hits you.
* * * LOW HITPOINT WARNING * * *
You closely miss the adder. You bite the adder, but do no damage.
You feel sick. The bullfrog hits you.
* * * LOW HITPOINT WARNING * * *
The adder bites you but does no damage.
The ball python bites you but does no damage.
The ball python constricts you.
* * * LOW HITPOINT WARNING * * *
The ball python bites you.
* * * LOW HITPOINT WARNING * * *
The bullfrog closely misses you. x2; The ball python bites you.
* * * LOW HITPOINT WARNING * * *
The ball python constricts you.
You die...

≈≈≈≈≈#
#####≈≈≈≈≈≈#
≈≈≈≈≈#
#≈≈≈≈≈≈#
≈≈≈≈≈#
#≈≈≈≈≈≈#
≈≈≈≈≈#
#≈≈≈≈≈≈#
≈≈≈≈≈#
#≈≈≈≈≈≈#
.≈†≈≈#
#≈≈≈≈#≈#
....≈#
#≈≈≈#≈≈#
.≈≈.≈#
#≈≈≈≈.≈#
≈≈≈≈≈#
#≈≈≈S@F#
≈≈≈≈≈#
#≈≈≈SSF#
≈≈≈≈≈#
#≈≈≈≈S≈#
≈≈≈≈≈#
#≈≈≈≈≈≈#
≈≈≈≈≈#
#≈≈≈≈≈≈#
≈≈≈≈≈#
#≈≈≈≈≈≈#
≈≈≈≈≈#
#≈≈≈≈≈≈#
≈≈.≈.#
#..≈.≈##
.....#
#......


You could see 2 bullfrogs, an adder and 3 ball pythons.

Vanquished Creatures
  A hound (D:2)
  An iguana (D:2)
  9 adders
  4 river rats (Sewer)
  4 worms
  4 orcs (D:3)
  3 bats
  8 endoplasms
  2 giant cockroaches
  6 goblins
  8 hobgoblins
  4 kobolds
  2 quokkas
  10 ball pythons
  5 frilled lizards
  39 rats
110 creatures vanquished.

Vanquished Creatures (others)
  A plant (D:3)
1 creature vanquished.

Grand Total: 111 creatures vanquished

Notes
Turn   | Place    | Note
-------+----------+-------------------------------------------
     0 | D:1      | Ablot the Gnoll Warper began the quest for the Orb.
     0 | D:1      | Reached XP level 1. HP: 20/20 MP: 6/6
   194 | D:1      | Reached XP level 2. HP: 26/26 MP: 7/7
   197 | D:1      | Learned a level 2 spell: Blink
   746 | D:2      | Reached XP level 3. HP: 30/31 MP: 9/9
   847 | D:2      | Reached skill level 5 in Spellcasting
  1097 | D:2      | Reached skill level 1 in Invocations
  1298 | D:2      | Found a faded altar of an unknown god.
  1439 | D:2      | Reached skill level 1 in Short Blades
  1439 | D:2      | Reached skill level 1 in Long Blades
  1439 | D:2      | Reached skill level 1 in Axes
  1439 | D:2      | Reached skill level 1 in Maces & Flails
  1439 | D:2      | Reached skill level 1 in Staves
  1439 | D:2      | Reached skill level 1 in Slings
  1439 | D:2      | Reached skill level 1 in Bows
  1439 | D:2      | Reached skill level 1 in Crossbows
  1439 | D:2      | Reached skill level 1 in Stealth
  1439 | D:2      | Reached skill level 1 in Shields
  1439 | D:2      | Reached skill level 1 in Unarmed Combat
  1439 | D:2      | Reached skill level 1 in Evocations
  1451 | D:2      | Reached XP level 4. HP: 21/38 MP: 11/11
  1464 | D:2      | Reached skill level 1 in Conjurations
  1464 | D:2      | Reached skill level 1 in Hexes
  1464 | D:2      | Reached skill level 1 in Summonings
  1464 | D:2      | Reached skill level 1 in Necromancy
  1464 | D:2      | Reached skill level 1 in Transmutations
  1464 | D:2      | Reached skill level 1 in Fire Magic
  1464 | D:2      | Reached skill level 1 in Ice Magic
  1464 | D:2      | Reached skill level 1 in Air Magic
  1464 | D:2      | Reached skill level 1 in Earth Magic
  1464 | D:2      | Reached skill level 1 in Poison Magic
  1838 | D:2      | Reached XP level 5. HP: 40/43 MP: 12/12
  2504 | D:3      | Found a glowing drain.
  2519 | Sewer    | Entered a sewer
  3250 | Sewer    | Reached XP level 6. HP: 46/50 MP: 13/13
  3907 | Sewer    | HP: 2/50 [ball python (1)]
  3907 | Sewer    | Constricted to death by a ball python

Illustrated notes

Levels and vault maps discovered:
D:1:      minmay_arrival_jagged, layout_loops_ring
D:2:      layout_loops_cross, hellmonk_ecumenical_altar_arch_garden,
          st_stairs_2, columned_hall_lemuel
D:3:      cheibrodos_old_hovel, layout_loops_ring, mainiacjoe_overflow_paths,
          portal_sewer_entry_e, solitary_fountain
Sewer:    sewer_minmay_w

Skill      XL: |  1  2  3  4  5 |
---------------+----------------+-----
Spellcasting   | 5 |  5.3
Invocations    | 1 2 |  2.1
Short Blades   | 1 |  1.9
Long Blades    | 1 |  1.9
Axes           | 1 |  1.9
Maces & Flails | 1 |  1.9
Staves         | 1 |  1.9
Slings         | 1 |  1.9
Bows           | 1 |  1.9
Crossbows      | 1 |  1.9
Stealth        | 1 |  1.9
Shields        | 1 |  1.9
Unarmed Combat | 1 |  1.9
Evocations     | 1 |  1.9
Conjurations   | 1 |  1.5
Hexes          | 1 |  1.5
Summonings     | 1 |  1.5
Necromancy     | 1 |  1.5
Transmutations | 1 |  1.5
Fire Magic     | 1 |  1.5
Ice Magic      | 1 |  1.5
Air Magic      | 1 |  1.5
Earth Magic    | 1 |  1.5
Poison Magic   | 1 |  1.5
Throwing       | 3 |  3.2
Armour         | 3 |  3.2
Fighting       | |  4.9
Polearms       | |  4.9
Dodging        | |  4.9
Translocations | |  5.6

Action                   |  1- 3 |  4- 6 || total
-------------------------+-------+-------++-------
Melee: Spear             |    39 |       ||    39
       Bite              |     9 |    18 ||    27
       Punch             |     1 |     7 ||     8
       Whip              |    58 |   232 ||   290
  Use: Potion            |       |     2 ||     2
 Stab: Sleeping          |     1 |     1 ||     2
Armor: Leather armour    |    21 |    51 ||    72
Dodge: Dodged            |    55 |   189 ||   244
